 Dungeon Crawl Stone Soup version 0.26-a0-658-gbdda728c12 (webtiles) character file.

Game seed: 1353082730346547319

210 tacoguy the Conjurer (level 5, 0/42 HPs)
             Began as a Deep Elf Conjurer on Oct 4, 2020.
             Succumbed to a worker ant's poison
             ... on level 4 of the Dungeon.
             The game lasted 00:09:38 (2415 turns).

tacoguy the Conjurer (Deep Elf Conjurer)            Turns: 2415, Time: 00:09:39

Health: 0/42       AC: 22    Str:  4    XL:     5   Next: 56%
Magic:  3/14       EV:  2    Int: 24    God:
Gold:   187        SH:  0    Dex: 13    Spells: 3/13 levels left

rFire    . . .     SeeInvis .   b - +1 dagger (venom)
rCold    . . .     Faith    .   (no shield)
rNeg     + + +     Spirit   .   (armour currently unavailable)
rPois    +         Reflect  .   (helmet currently unavailable)
rElec    .         Harm     .   (cloak currently unavailable)
rCorr    .         Rampage  .   (gloves currently unavailable)
MR       .....     NoTele   +   (boots currently unavailable)
Stlth    ++........             (no amulet)
HPRegen  0.14/turn              (no ring)
MPRegen  0.14/turn              (no ring)

@: lethally poisoned (0 -> -6), tree-form
A: no striking features
a: no special abilities


You were on level 4 of the Dungeon.
You were a tree.
You visited 1 branch of the dungeon, and saw 4 of its levels.

You collected 187 gold pieces.

Inventory:

Hand Weapons
 b - a +1 dagger of venom (weapon)
Armour
 a - a +0 robe (melded)
 c - a +1 pair of gloves (melded)
 h - a +0 helmet (melded)
Scrolls
 d - 2 scrolls of amnesia
 f - 2 scrolls of teleportation
 i - 2 scrolls of identify {unknown}
 j - a scroll of remove curse {unknown}
Potions
 e - a potion of lignification
 g - 2 potions of brilliance


   Skills:
 - Level 3.0 Dodging
 - Level 3.0 Stealth
 + Level 4.6 Spellcasting
 + Level 6.5 Conjurations


You had 3 spell levels left.
You knew the following spells:

 Your Spells              Type           Power        Failure   Level
b - Searing Ray           Conj           #####.       1%          2
c - Fulminant Prism       Conj/Hex       ###.......   24%         4
d - Iskenderun's Mystic   Conj/Tloc      ###.....     24%         4

Your spell library contained the following spells:

 Spells                   Type           Power        Failure   Level
 Magic Dart               Conj           ####         1%          1
 Dazzling Flash           Conj/Hex       ###...       7%          3


Dungeon Overview and Level Annotations

Branches:
Dungeon (4/15)
 Temple: D:4-7

Altars:


Message History

* * * LOW HITPOINT WARNING * * *
You are lethally poisoned!
The worker ant poisons you! The worker ant closely misses you.
* * * LOW HITPOINT WARNING * * *
You feel sick.
It was a potion of lignification.
You turn into a tree.
Your +0 helmet melds into your body.
Your +1 pair of gloves melds into your body.
Your +0 robe melds into your body.
Your roots penetrate the ground.
* * * LOW HITPOINT WARNING * * *
You feel sick.
The worker ant bites you but does no damage.
* * * LOW HITPOINT WARNING * * *
You feel sick.
The worker ant bites you but does no damage.
* * * LOW HITPOINT WARNING * * *
You feel sick.
The worker ant bites you but does no damage. x2
The worker ant bites you but does no damage.
You die...

#..##
##..##
#..#
##..##
##.##
##.†#
#..# ##..
#..# #..
##.##
##.. #..#
#... #B.#
#....
##♣##
#...#.
#..#
#...###.
####..#
#...# ##
#....##
...#
##<..#
..#
##...# ..
#.......
#........
.........


You could see a worker ant.

Vanquished Creatures
  An ogre (D:2)
  2 worker ants
  2 adders
  A worm (D:3)
  A dart slug (D:2)
  A leopard gecko (D:2)
  4 orcs (D:3)
  4 giant cockroaches
  5 goblins
  7 hobgoblins (D:2)
  3 jackals (D:4)
  A quokka (D:2)
  A ball python (D:3)
  6 bats
  4 frilled lizards
  3 kobolds
  3 rats
49 creatures vanquished.

Vanquished Creatures (others)
  5 fulminant prisms
5 creatures vanquished.

Grand Total: 54 creatures vanquished

Notes
Turn   | Place    | Note
-------+----------+-------------------------------------------
     0 | D:1      | tacoguy the Deep Elf Conjurer began the quest for the Orb.
     0 | D:1      | Reached XP level 1. HP: 10/10 MP: 6/6
    43 | D:1      | You fall into a shaft and drop 1 floor!
    51 | D:2      | Reached XP level 2. HP: 15/15 MP: 2/8
    88 | D:2      | Reached skill level 5 in Conjurations
   122 | D:2      | Learned a level 2 spell: Searing Ray
   451 | D:2      | Noticed an ogre
   457 | D:2      | Killed an ogre
   457 | D:2      | Reached skill level 6 in Conjurations
   457 | D:2      | Reached XP level 3. HP: 19/19 MP: 2/10
   457 | D:2      | Reached XP level 4. HP: 24/24 MP: 2/11
  1249 | D:3      | Learned a level 4 spell: Fulminant Prism
  1285 | D:3      | Reached XP level 5. HP: 28/28 MP: 9/12
  1291 | D:3      | Learned a level 4 spell: Iskenderun's Mystic Blast
  2412 | D:4      | HP: 2/42 [poisoned by a worker ant]
  2415 | D:4      | Succumbed to a worker ant's poison

Illustrated notes

Levels and vault maps discovered:
D:1:      dpeg_arrival_lava_temple_mockup, layout_loops_corners
D:2:      layout_loops_ring, minmay_pentomino_pile
D:3:      layout_loops_ring, kennysheep_generic_room_8
D:4:      layout_layer_cave, minmay_temple_entry_tees

Skill      XL: |  1  2  3  4  5 |
---------------+----------------+-----
Conjurations   | 6 |  6.5
Dodging        | 3 |  3.0
Stealth        | 3 |  3.0
Spellcasting   | 4 |  4.6

Action                   |  1- 3 |  4- 6 || total
-------------------------+-------+-------++-------
Melee: Dagger            |       |     2 ||     2
 Cast: Magic Dart        |    20 |    10 ||    30
       Searing Ray       |     5 |    24 ||    29
       Fulminant Prism   |       |     5 ||     5
       Iskenderun's Myst |       |     1 ||     1
  Use: Scroll            |       |     4 ||     4
       Potion            |       |     4 ||     4
Armor: Skin              |       |     5 ||     5
       Robe              |       |     2 ||     2
Dodge: Dodged            |    10 |    21 ||    31

Table legend: (Time is in decaauts)
 A = Elapsed time spent in this place.
 B = Non-inter-level travel time spent in this place.
 C = Inter-level travel time spent in this place.
 D = Time resting spent in this place.
 E = Time spent auto-exploring this place.
 F = Levels seen in this place.
 G = Mean time per level.
                   A        B        C        D        E       F      G
               +--------+--------+--------+--------+--------+-----+--------+
         Total |   2413 |   2281 |    132 |    909 |    997 |   4 |  603.2 |
       Dungeon |   2413 |   2281 |    132 |    909 |    997 |   4 |  603.2 |
               +--------+--------+--------+--------+--------+-----+--------+

Top non-repeatable levels by time:
     D:2: 1198 daAuts
     D:3: 1043 daAuts
     D:4: 128 daAuts
     D:1: 43 daAuts
